 Dungeon Crawl Stone Soup version 0.30-a0-728-gc68057be0a (webtiles) character file.

Game seed: 2224131860292956742

1521 hikkokomori the Trooper (level 8, -1/59 (65) HPs)
             Began as a Demonspawn Gladiator on Feb 1, 2023.
             Slain by a wight
             ... wielding a +3 morningstar of freezing
              (7 damage)
             ... on level 6 of the Dungeon.
             The game lasted 00:09:22 (5719 turns).

hikkokomori the Trooper (Demonspawn Gladiator)      Turns: 5719, Time: 00:09:22

HP:   -1/59 (65)    AC:  7    Str: 15    XL:     8   Next: 54%
MP:   8/8           EV: 18    Int: 10    God:
Gold: 259           SH:  4    Dex: 20    Spells: 2/7 levels left

rFire   . . .      SeeInvis .    a - +0 long sword
rCold   . . .      Faith    .    (no shield)
rNeg    . . .      Spirit   .    k - +0 ring mail
rPois   .          Reflect  .    c - +0 helmet
rElec   .          Harm     .    p - +0 cloak
rCorr   .          Rampage  .    (no gloves)
Will    .....                    (no boots)
Stlth   +++++                    w - amulet of regeneration
HPRegen 1.09/turn                h - +5 ring of evasion
MPRegen 0.11/turn                (no ring)

@: drained
A: claws 2, thin skeletal structure 2, condensation shield
a: no special abilities


You were on level 6 of the Dungeon.
You visited 1 branch of the dungeon, and saw 6 of its levels.
You also visited: Ossuary.

You collected 259 gold pieces.

Inventory:

Hand Weapons
 a - a +0 long sword (weapon)
Missiles
 d - 3 throwing nets (quivered)
 e - a javelin
Armour
 b - a +0 leather armour
 c - a +0 helmet (worn)
 k - a +0 ring mail (worn)
 p - a +0 cloak (worn)
Magical Staves
 x - a staff of conjuration
Jewellery
 h - a +5 ring of evasion (left claw)
 w - an amulet of regeneration (around neck)
 D - a ring of willpower
 K - a +6 ring of strength
Wands
 t - a wand of mindburst (11)
 H - a wand of paralysis (3)
Scrolls
 f - 6 scrolls of teleportation
 g - 2 scrolls of magic mapping
 j - 3 scrolls of enchant armour
 l - a scroll of noise
 s - 3 scrolls of blinking
 u - a scroll of vulnerability {unknown}
 y - a scroll of poison
 A - a scroll of fear {unknown}
 E - a scroll of torment {unknown}
 F - 2 scrolls of amnesia {unknown}
 G - 3 scrolls of identify
 J - a scroll of enchant weapon {unknown}
Potions
 i - a potion of cancellation
 m - 2 potions of berserk rage
 n - 5 potions of attraction
 o - 2 potions of brilliance
 q - a potion of resistance
 r - a potion of curing
 v - 2 potions of mutation
 z - 4 potions of might
 B - 2 potions of invisibility
 C - a potion of flight
 I - 2 potions of lignification {unknown}


   Skills:
 + Level 6.5 Fighting
 + Level 6.2 Long Blades
 - Level 1.7 Throwing
 - Level 4.0 Dodging
 + Level 5.0 Stealth


You had 2 spell levels left.
You knew the following spells:

 Your Spells              Type           Power      Damage    Failure   Level
a - Fireball              Conj/Fire      0%         3d3       100%        5

Your spell library contained the following spells:

 Spells                   Type           Power      Damage    Failure   Level
 Arcjolt                  Conj/Air       0%         1d10      100%        5
 Chain Lightning          Conj/Air       0%         N/A       100%        9


Dungeon Overview and Level Annotations

Branches:
Dungeon (6/15)             Temple (0/1) D:5         Ossuary (visited)

Altars:
Cheibriados
Gozag
Makhleb
Ru
Sif Muna
Uskayaw
Vehumet


Innate Abilities, Weirdness & Mutations

You have very sharp fingernails.
You have a moderately thin skeletal structure. (Dex +4, Stealth++)
A meltable shield of frost defends you. (SH +4)


Message History

The wight completely misses you.
You hit the wight.
The wight is heavily damaged.
The wight hits you with a +3 morningstar of freezing!
The wight freezes you. You block the wight's attack. The wight misses you.
You are too injured to fight recklessly!
You are too injured to fight recklessly!
You are too injured to fight recklessly!
You are too injured to fight recklessly!
You are too injured to fight recklessly!
You are too injured to fight recklessly!
You are too injured to fight recklessly!
You are too injured to fight recklessly!
You are too injured to fight recklessly!
You are too injured to fight recklessly!
You are too injured to fight recklessly!
You are too injured to fight recklessly!
You are too injured to fight recklessly!
You are too injured to fight recklessly!
You are too injured to fight recklessly!
You are too injured to fight recklessly!
You are too injured to fight recklessly!
You are too injured to fight recklessly!
You slash the wight!
You destroy the wight!
The wight barely misses you.
The wight hits you with a +0 short sword.
Your Stealth skill increases to level 5!
The wight attacks as you move away! The wight hits you but does no damage.
The wight misses you.
Things that are here:
a +0 short sword; a +0 robe You slash the wight!
The wight is almost destroyed.
The wight hits you with a +3 morningstar of freezing!
* * * LOW HITPOINT WARNING * * *
You feel drained.
* * * LOW HITPOINT WARNING * * *
The wight freezes you!
You die...

##### ...# ###.###.
#....... .#####.#.#### #
.......#.#### ..>
............. .....#####
#.........##..
.......z@#
#.#######.....
.....###z###.# #.##..
.....###).##.# ####.##..
...........#.# #....##..
#...####.)..####.#######
#. ####..............
8###..###.#######
§§≈##..##.# #.§≈≈##....#


You could see 2 wights.

Vanquished Creatures
  A water moccasin (D:5)
  A black bear (D:6)
  A phantom (D:6)
  A necrophage (D:6)
  A scorpion (D:5)
  3 wights (D:6)
  2 jellies (D:6)
  2 orc priests
  4 hounds (D:6)
  3 iguanas
  Jessica (D:3)
  Natasha (thrice) (D:3)
  3 orc wizards
  14 mummies (Ossuary)
  12 adders
  8 gnolls
  A white imp (D:5)
  A worm (D:4)
  2 dart slugs
  8 orcs
  6 ball pythons
  3 endoplasms
  5 giant cockroaches
  9 goblins
  6 hobgoblins
  15 jackals
  9 quokkas
  3 bats
  5 frilled lizards
  2 gnoll skeletons (Ossuary)
  A goblin skeleton (Ossuary)
  12 kobolds
  5 orc skeletons (Ossuary)
  7 rats
  11 rat skeletons (Ossuary)
171 creatures vanquished.

Notes
Turn   | Place    | Note
-------+----------+-------------------------------------------
     0 | D:1      | hikkokomori the Demonspawn Gladiator began the quest for
                  | the Orb.
     0 | D:1      | Reached XP level 1. HP: 16/16 MP: 1/1
   156 | D:1      | Gained mutation: A meltable shield of frost defends you.
                  | (SH +4) [demonic ancestry]
   156 | D:1      | Reached XP level 2. HP: 22/22 MP: 2/2
   324 | D:1      | Reached XP level 3. HP: 28/28 MP: 3/3
   853 | D:2      | Found a snail-covered altar of Cheibriados.
   951 | D:2      | Gained mutation: You have a somewhat thin skeletal
                  | structure. (Dex +2, Stealth+) [demonic ancestry]
   951 | D:2      | Reached XP level 4. HP: 24/35 MP: 4/4
  1898 | D:3      | Noticed Natasha
  1906 | D:3      | Killed Natasha
  1922 | D:3      | Noticed Jessica
  1925 | D:3      | Found a radiant altar of Vehumet.
  1927 | D:3      | Found a shimmering blue altar of Sif Muna.
  1932 | D:3      | Killed Jessica
  1933 | D:3      | Gained mutation: You have sharp fingernails. [demonic
                  | ancestry]
  1933 | D:3      | Reached XP level 5. HP: 20/41 MP: 5/5
  2093 | D:3      | Noticed Natasha
  2104 | D:3      | Killed Natasha
  2210 | D:3      | Found a hide-covered altar of Uskayaw.
  2488 | D:3      | Noticed Natasha
  2507 | D:3      | Killed Natasha
  2853 | D:4      | Found a sand-covered staircase.
  2904 | D:4      | Gained mutation: You have a moderately thin skeletal
                  | structure. (Dex +4, Stealth++) [demonic ancestry]
  2904 | D:4      | Reached XP level 6. HP: 38/48 MP: 6/6
  2909 | D:4      | Paralysed by an orc for 4 turns
  2937 | Ossuary  | Entered an ossuary
  3097 | Ossuary  | Reached skill level 1 in Stealth
  3638 | D:4      | Reached XP level 7. HP: 49/55 MP: 7/7
  4121 | D:5      | Entered Level 5 of the Dungeon
  4226 | D:5      | Reached skill level 5 in Fighting
  4226 | D:5      | Reached skill level 5 in Long Blades
  4633 | D:5      | Found a staircase to the Ecumenical Temple.
  5373 | D:6      | Gained mutation: You have very sharp fingernails. [demonic
                  | ancestry]
  5373 | D:6      | Reached XP level 8. HP: 57/64 MP: 8/8
  5602 | D:6      | Got the Tractate on Impulse
  5609 | D:6      | Learned a level 5 spell: Fireball
  5620 | D:6      | Found a burning altar of Makhleb.
  5620 | D:6      | Found a sacrificial altar of Ru.
  5680 | D:6      | Found an opulent altar of Gozag.
  5718 | D:6      | Reached skill level 5 in Stealth
  5719 | D:6      | Slain by a wight

Illustrated notes

Levels and vault maps discovered:
D:1:      dpeg_arrival_simpleton_c, layout_rooms, serial_bayou_crossing
D:2:      layout_basic, basic_altar
D:3:      layout_loops_ring, mainiacjoe_overflow_concentric_impassable,
          mainiacjoe_overflow_large_starburst, roderic_roman_lattice,
          kennysheep_path_1, minmay_quantized, uniq_jessica, uniq_natasha
D:4:      layout_basic, lightli_ossuary_entry_decrepit_ruins, hex_large
D:5:      layout_basic, minmay_temple_entry_overgrown
D:6:      kennysheep_six_static_rooms, layout_basic,
          gammafunk_temple_overflow_claw

Skill      XL: |  1  2  3  4  5  6  7  8 |
---------------+-------------------------+-----
Long Blades    | 3 4 5 6 |  6.2
Dodging        | 3 4 |  4.0
Fighting       | 3 4 5 6 |  6.5
Stealth        | 2 3 5 |  5.0
Throwing       | |  1.7

Action                     |  1- 3 |  4- 6 |  7- 9 || total
---------------------------+-------+-------+-------++-------
  Melee: Long sword        |   123 |   258 |   203 ||   584
         Punch             |     2 |     4 |     1 ||     7
  Throw: Javelin           |       |     2 |       ||     2
    Use: Scroll            |       |    16 |       ||    16
         Potion            |       |     2 |     1 ||     3
   Stab: Sleeping          |       |    19 |    14 ||    33
         Distracted        |       |       |     2 ||     2
 Armour: Leather armour    |    22 |       |       ||    22
         Ring mail         |    15 |    41 |    48 ||   104
  Dodge: Dodged            |    87 |   203 |   193 ||   483
  Block: Other             |    24 |    45 |    46 ||   115

Table legend: (Time is in decaauts)
 A = Elapsed time spent in this place.
 B = Non-inter-level travel time spent in this place.
 C = Inter-level travel time spent in this place.
 D = Time resting spent in this place.
 E = Time spent auto-exploring this place.
 F = Levels seen in this place.
 G = Mean time per level.
                   A        B        C        D        E       F      G
               +--------+--------+--------+--------+--------+-----+--------+
         Total |   5862 |   5735 |    127 |    126 |   4194 |   7 |  837.4 |
       Dungeon |   5373 |   5246 |    127 |      0 |   4035 |   6 |  895.5 |
       Ossuary |    488 |    488 |      0 |    126 |    159 |   1 |  488.0 |
               +--------+--------+--------+--------+--------+-----+--------+

Top non-repeatable levels by time:
     D:5: 1154 daAuts
     D:3: 1107 daAuts
     D:2: 1055 daAuts
     D:4: 857 daAuts
     D:1: 731 daAuts
 Ossuary: 488 daAuts
     D:6: 467 daAuts
